WCHLSIM.com - West Coast Hockey League
html PUBLIC "-//W3C//DTD XHTML 1.0 Transitional//EN" "http://www.w3.org/TR/xhtml1/DTD/xhtml1-transitional.dtd"> WCHL - Game 102 - UTAH ICE BEARS vs ANCHORAGE ACES

UTAH ICE BEARS vs ANCHORAGE ACES

Created - 27 octobre 2022 at 23:30

Goals
1 2 3 T
UTAH ICE BEARS 0 0 1 1
ANCHORAGE ACES 1 1 0 2
Shots
1 2 3 T
UTAH ICE BEARS 12 9 10 31
ANCHORAGE ACES 17 10 10 37

1st period

1. ANCHORAGE ACES , Ben Chiarot 2 (Chris Kreider 5, Ryan Pulock 2) at 0:32 (PP)

Penalties :
MacKenzie Weegar (UTA) for Interference (Minor) at 0:22, Nathan MacKinnon (ANC) for Unsportsmanlike conduct (Minor) at 2:14, Jonathan Audy-Marchessault (ANC) for Hooking (Minor) at 8:30, Jordie Benn (ANC) for Holding (Minor) at 16:09, Ross Colton (UTA) for Cross-checking (Minor) at 18:35

2nd period

2. ANCHORAGE ACES , Jonathan Audy-Marchessault 4 (Joshua Norris 8) at 19:59

Penalties :
Jordie Benn (ANC) for Boarding (Minor) at 4:36

3rd period

3. UTAH ICE BEARS , Zachary Sanford 1 (Evgeni Malkin 3) at 17:49

Penalties :
MacKenzie Weegar (UTA) for Hooking (Minor) at 12:56, Nathan MacKinnon (ANC) for Tripping (Minor) at 15:11, Conor Sheary (ANC) for Goalie Interference (Minor) at 18:02

Goalie Stats

Thatcher Demko (UTA), 35 saves from 37 shots - (0,946), L, 4-2-1, 59:38 minutes
Darcy Kuemper (ANC), 30 saves from 31 shots - (0,968), W, 7-1-0, 60:00 minutes

Players Stats for UTAH ICE BEARS

Player Name              G  A  P  +/- PIM S  H  SB GA TA FO     MP     PP MP  PK MP  
------------------------------------------------------------------------------------
Alexander Barabanov      0  0  0  -1  0   0  2  0  0  0  0/1    22:36   7:04   0:00 
Andrew Mangiapane        0  0  0   0  0   4  1  0  0  0  0/2    19:12   4:48   0:00 
Andrew Peeke             0  0  0   0  0   1  7  0  0  0  0/0    23:23   6:28   2:04 
Artem Zub                0  0  0   0  0   1  2  5  0  0  0/0    23:23   6:28   2:04 
Blake Lizotte            0  0  0   1  0   0  0  0  0  0  7/13    5:54   0:00   2:42 
Casey Mittelstadt        0  0  0   0  0   0  0  0  0  0  0/0     0:00   0:00   0:00 
Evgeni Malkin            0  1  1   1  0   6  0  0  0  0  9/26   22:24   4:48   0:00 
Kyle Okposo              0  0  0   0  0   2  0  0  0  0  0/1    21:54   4:48   2:42 
Lucas Raymond            0  0  0  -1  0   1  0  0  0  0  0/1    22:36   7:04   0:00 
MacKenzie Weegar         0  0  0  -1  4   5  3  4  0  0  0/0    24:19   5:24   1:05 
Mark Pysyk               0  0  0   1  0   0  1  0  0  0  0/0    11:17   0:00   0:00 
Matthew Beniers          0  0  0  -1  0   2  1  0  0  0  7/35   22:36   7:04   0:00 
Nicholas Paul            0  0  0   0  0   3  1  0  0  0  1/1    12:18   0:00   1:26 
Ross Colton              0  0  0   0  2   2  0  0  0  0  10/20  10:51   0:00   0:00 
Rudolfs Balcers          0  0  0   0  0   3  1  0  0  0  0/1    12:18   0:00   1:26 
T.J. Brodie              0  0  0  -1  0   0  2  3  0  0  0/0    25:20   5:24   2:04 
Tucker Poolman           0  0  0   1  0   0  2  1  0  0  0/0    12:16   0:00   0:59 
Zachary Sanford          1  0  1   1  0   1  0  0  0  0  0/0     3:12   0:00   0:00 

Players Stats for ANCHORAGE ACES

Player Name              G  A  P  +/- PIM S  H  SB GA TA FO     MP     PP MP  PK MP  
------------------------------------------------------------------------------------
Andrew Ladd              0  0  0   0  0   1  0  0  0  0  1/1     3:05   0:00   0:00 
Ben Chiarot              1  0  1   0  0   1  3  3  0  0  0/0    26:04   1:46   5:22 
Casey Cizikas            0  0  0   0  0   2  0  0  0  0  4/5     3:05   0:00   0:00 
Chris Kreider            0  1  1   1  0   9  1  0  0  0  0/0    15:57   1:46   0:00 
Connor McDavid           0  0  0  -1  0   4  1  0  0  0  17/32  19:10   2:22   0:00 
Conor Sheary             0  0  0   0  2   2  0  0  0  0  0/0    11:41   1:46   0:00 
Dominik Simon            0  0  0   0  0   1  0  0  0  0  0/0     9:53   0:00   6:48 
Erik Haula               0  0  0   0  0   0  1  0  0  0  3/7    15:00   0:00   5:04 
Jakob Chychrun           0  0  0   0  0   0  1  2  0  0  0/0    21:49   1:08   6:33 
Jonathan Audy-Marchessau 1  0  1   1  2   6  1  1  0  0  2/2    16:32   2:22   0:00 
Jordie Benn              0  0  0   0  4   0  0  1  0  0  0/0    12:08   0:00   1:01 
Joshua Norris            0  1  1   1  0   1  0  0  0  0  19/26  15:57   1:46   0:00 
Nathan MacKinnon         0  0  0  -1  4   2  1  0  0  0  0/0    19:08   2:22   0:00 
Nikolaj Ehlers           0  0  0  -1  0   4  1  0  0  0  2/3    24:14   2:22   5:04 
Phillip Danault          0  0  0   0  0   2  0  0  0  0  19/25  16:44   0:00   6:48 
Robert Bortuzzo          0  0  0   0  0   0  3  1  0  0  0/0    11:09   0:00   0:00 
Ryan Pulock              0  1  1   0  0   1  0  1  0  0  0/0    18:19   0:38   3:46 
Seth Jones               0  0  0   0  0   1  0  2  0  0  0/0    28:07   2:22   7:02 

3 Stars

1 - Darcy Kuemper (ANC)
2 - Thatcher Demko (UTA)
3 - Ben Chiarot (ANC)

Power Play

UTAH ICE BEARS - 0 on 6 Attempt(s) - 0,00%
ANCHORAGE ACES - 1 on 3 Attempt(s) - 33,33%

Penalty Kill

UTAH ICE BEARS - 2 on 3 Attempt(s) - 66,67% - Score 0 goal in Penalty Kill
ANCHORAGE ACES - 6 on 6 Attempt(s) - 100,00% - Score 0 goal in Penalty Kill

Team Stat

UTAH ICE BEARS - Hits : 23 - Faceoff Wins : 34 - Blocked Shots : 13 - Penalty Minutes : 6
ANCHORAGE ACES - Hits : 13 - Faceoff Wins : 67 - Blocked Shots : 11 - Penalty Minutes : 12

Official

Referees : Justin St. Pierre and Ian Walsh
Linesman : Steven Berry and Ryan Gibbons

Game Notes

Ryan Pulock is injured at 11:29 of 3rd period (Strained Back)

Finance

Level 1 -- Attendance: 6000 (100,00%) -- Ticket Income 960 000 $
Level 2 -- Attendance: 4591 (91,82%) -- Ticket Income 578 466 $
Level 3 -- Attendance: 2000 (100,00%) -- Ticket Income 210 000 $
Level 4 -- Attendance: 4000 (100,00%) -- Ticket Income 248 000 $
Luxury Box -- Attendance: 1000 (100,00%) -- Ticket Income 280 000 $
Game was played at the Alaska Center.
Total Attendance: 17591 (97,73%)
Total Ticket Income: 2 276 466 $
Other Expense: 22 765 $
Total Income: 2 253 701 $

UTAH ICE BEARS

5 vs 5 Forward 
   Center                   Left Wing                Right Wing               Time % Phy DF OF 
 1 Evgeni Malkin            Andrew Mangiapane        Kyle Okposo              36     1   2  2  
 2 Matthew Beniers          Alexander Barabanov      Lucas Raymond            31     1   2  2  
 3 Ross Colton              Nicholas Paul            Rudolfs Balcers          23     1   2  2  
 4 Blake Lizotte            Zachary Sanford          Evgeni Malkin            10     1   2  2  

5 vs 5 Defense 
   Defense                  Defense                                           Time % Phy DF OF 
 1 MacKenzie Weegar         T.J. Brodie                                       36     1   2  2  
 2 Artem Zub                Andrew Peeke                                      31     1   2  2  
 3 Mark Pysyk               Tucker Poolman                                    23     1   2  2  
 4 MacKenzie Weegar         T.J. Brodie                                       10     1   2  2  

PowerPlay Forward 
   Center                   Left Wing                Right Wing               Time % Phy DF OF 
 1 Evgeni Malkin            Andrew Mangiapane        Kyle Okposo              55     1   2  2  
 2 Matthew Beniers          Alexander Barabanov      Lucas Raymond            45     1   2  2  

PowerPlay Defense
   Defense                  Defense                                           Time % Phy DF OF 
 1 MacKenzie Weegar         T.J. Brodie                                       55     1   2  2  
 2 Artem Zub                Andrew Peeke                                      45     1   2  2  

Penalty Kill 4 Players Forward 
   Center                   Wing                     Time % Phy DF OF 
 1 Blake Lizotte            Kyle Okposo              55     1   2  2  
 2 Nicholas Paul            Rudolfs Balcers          45     1   2  2  

Penalty Kill 4 Players Defense
   Defense                  Defense                  Time % Phy DF OF 
 1 MacKenzie Weegar         T.J. Brodie              55     1   2  2  
 2 Artem Zub                Andrew Peeke             45     1   2  2  

Penalty Kill - 3 Players Forward 
   Forward                                           Time % Phy DF OF 
 1 Blake Lizotte                                     55     1   2  2  
 2 Nicholas Paul                                     45     1   2  2  

Penalty Kill - 3 Players Defense
   Defense                  Defense                  Time % Phy DF OF 
 1 MacKenzie Weegar         T.J. Brodie              55     1   2  2  
 2 Artem Zub                Andrew Peeke             45     1   2  2  

4 vs 4 Forward 
   Center                   Wing                     Time % Phy DF OF 
 1 Evgeni Malkin            Kyle Okposo              55     1   2  2  
 2 Matthew Beniers          Alexander Barabanov      45     1   2  2  

4 vs 4 Defense
   Defense                  Defense                  Time % Phy DF OF 
 1 MacKenzie Weegar         T.J. Brodie              55     1   2  2  
 2 Artem Zub                Andrew Peeke             45     1   2  2  

Last Minutes Offensive
   Center                   Left Wing                Right Wing               Defense                  Defense                  
   Evgeni Malkin            Casey Mittelstadt        Andrew Mangiapane        MacKenzie Weegar         T.J. Brodie              

Last Minutes Defensive
   Center                   Left Wing                Right Wing               Defense                  Defense                  
   Evgeni Malkin            Casey Mittelstadt        Kyle Okposo              MacKenzie Weegar         T.J. Brodie              

Goaltenders
Starting : Thatcher Demko           
Backup : Brandon Bussi            

Extra Forwards
Normal : Casey Mittelstadt, Ross Colton, Blake Lizotte - PP : Casey Mittelstadt, Ross Colton - PK : Blake Lizotte
Extra Defensemen
Normal : Mark Pysyk, Tucker Poolman, Artem Zub - PP : Mark Pysyk - PK : Tucker Poolman, Artem Zub
Penalty Shots
Evgeni Malkin, Blake Lizotte, Kyle Okposo, Alexander Barabanov, Nicholas Paul
Custom OT Lines Forwards
Evgeni Malkin, Andrew Mangiapane, Kyle Okposo, Alexander Barabanov, Nicholas Paul, Ross Colton, Lucas Raymond, Blake Lizotte, Casey Mittelstadt, Matthew Beniers
Custom OT Lines Defensemen
MacKenzie Weegar, T.J. Brodie, Artem Zub, Andrew Peeke, Mark Pysyk

Scratches
Leo Komarov (Healthy), Radim Simek (Healthy), Troy Stecher (Healthy)

ANCHORAGE ACES

5 vs 5 Forward 
   Center                   Left Wing                Right Wing               Time % Phy DF OF 
 1 Connor McDavid           Nikolaj Ehlers           Nathan MacKinnon         36     0   1  4  
 2 Joshua Norris            Chris Kreider            Jonathan Audy-Marchessaul31     0   2  3  
 3 Phillip Danault          Erik Haula               Conor Sheary             23     0   2  3  
 4 Casey Cizikas            Andrew Ladd              Dominik Simon            10     1   2  2  

5 vs 5 Defense 
   Defense                  Defense                                           Time % Phy DF OF 
 1 Seth Jones               Ben Chiarot                                       36     1   2  2  
 2 Ryan Pulock              Jakob Chychrun                                    31     1   2  2  
 3 Robert Bortuzzo          Jordie Benn                                       23     1   2  2  
 4 Seth Jones               Ben Chiarot                                       10     1   2  2  

PowerPlay Forward 
   Center                   Left Wing                Right Wing               Time % Phy DF OF 
 1 Connor McDavid           Nikolaj Ehlers           Jonathan Audy-Marchessaul55     0   0  5  
 2 Joshua Norris            Chris Kreider            Conor Sheary             45     0   1  4  

PowerPlay Defense
   Defense                  Defense                                           Time % Phy DF OF 
 1 Seth Jones               Nathan MacKinnon                                  55     1   2  2  
 2 Ryan Pulock              Ben Chiarot                                       45     1   2  2  

Penalty Kill 4 Players Forward 
   Center                   Wing                     Time % Phy DF OF 
 1 Phillip Danault          Dominik Simon            55     1   2  2  
 2 Erik Haula               Nikolaj Ehlers           45     1   2  2  

Penalty Kill 4 Players Defense
   Defense                  Defense                  Time % Phy DF OF 
 1 Ben Chiarot              Seth Jones               55     1   2  2  
 2 Jakob Chychrun           Ryan Pulock              45     1   2  2  

Penalty Kill - 3 Players Forward 
   Forward                                           Time % Phy DF OF 
 1 Phillip Danault                                   55     1   2  2  
 2 Erik Haula                                        45     1   2  2  

Penalty Kill - 3 Players Defense
   Defense                  Defense                  Time % Phy DF OF 
 1 Ben Chiarot              Seth Jones               55     1   2  2  
 2 Jordie Benn              Robert Bortuzzo          45     1   2  2  

4 vs 4 Forward 
   Center                   Wing                     Time % Phy DF OF 
 1 Connor McDavid           Phillip Danault          50     1   2  2  
 2 Joshua Norris            Nathan MacKinnon         50     1   2  2  

4 vs 4 Defense
   Defense                  Defense                  Time % Phy DF OF 
 1 Seth Jones               Ben Chiarot              55     1   2  2  
 2 Robert Bortuzzo          Jordie Benn              45     1   2  2  

Last Minutes Offensive
   Center                   Left Wing                Right Wing               Defense                  Defense                  
   Nathan MacKinnon         Connor McDavid           Chris Kreider            Seth Jones               Ben Chiarot              

Last Minutes Defensive
   Center                   Left Wing                Right Wing               Defense                  Defense                  
   Nathan MacKinnon         Connor McDavid           Chris Kreider            Seth Jones               Ben Chiarot              

Goaltenders
Starting : Darcy Kuemper            
Backup : Brian Elliott            

Extra Forwards
Normal : Nikolaj Ehlers, Nathan MacKinnon, Connor McDavid - PP : Chris Kreider, Jonathan Audy-Marchessault - PK : Nikolaj Ehlers
Extra Defensemen
Normal : Ben Chiarot, Seth Jones, Ryan Pulock - PP : Ben Chiarot - PK : Jakob Chychrun, Seth Jones
Penalty Shots
Connor McDavid, Nathan MacKinnon, Chris Kreider, Jonathan Audy-Marchessault, Joshua Norris
Custom OT Lines Forwards
Andrew Ladd, Dominik Simon, Nathan MacKinnon, Connor McDavid, Chris Kreider, Jonathan Audy-Marchessault, Nikolaj Ehlers, Phillip Danault, Joshua Norris, Erik Haula
Custom OT Lines Defensemen
Ben Chiarot, Seth Jones, Ryan Pulock, Jakob Chychrun, Robert Bortuzzo

Scratches
None


% Time on Ice - UTAH ICE BEARS

Lines # - Real PCT - Wanted PCT - Time Play
Normal Forward
1 - 33% - 36% - 14:24
2 - 35% - 31% - 15:32
3 - 25% - 23% - 10:52
4 - 7% - 10% - 3:12
Normal Defense
1 - 37% - 36% - 16:06
2 - 34% - 31% - 14:51
3 - 26% - 23% - 11:17
4 - 4% - 10% - 1:46
PP Forward
1 - 40% - 55% - 4:48
2 - 60% - 45% - 7:04
PP Defense
1 - 46% - 55% - 5:24
2 - 54% - 45% - 6:28
PK Forward
1 - 65% - 55% - 2:42
2 - 35% - 45% - 1:26
PK Defense
1 - 50% - 55% - 2:04
2 - 50% - 45% - 2:04
PK3 Forward
1 - 0% - 55%
2 - 0% - 45%
PK3 Defense
1 - 0% - 55%
2 - 0% - 45%
44 Forward
1 - 0% - 55%
2 - 0% - 45%
44 Defense
1 - 0% - 55%
2 - 0% - 45%
Last Minute Offensive  - 0:00
Last Minute Defensive  - 0:00
Total
Forward - 60:00
Defense - 60:00

% Time on Ice - ANCHORAGE ACES

Lines # - Real PCT - Wanted PCT - Time Play
Normal Forward
1 - 38% - 36% - 16:48
2 - 32% - 31% - 14:11
3 - 23% - 23% - 9:56
4 - 7% - 10% - 3:05
Normal Defense
1 - 36% - 36% - 16:00
2 - 32% - 31% - 14:08
3 - 25% - 23% - 11:09
4 - 6% - 10% - 2:43
PP Forward
1 - 57% - 55% - 2:22
2 - 43% - 45% - 1:46
PP Defense
1 - 57% - 55% - 2:22
2 - 43% - 45% - 1:46
PK Forward
1 - 57% - 55% - 6:48
2 - 43% - 45% - 5:04
PK Defense
1 - 45% - 55% - 5:17
2 - 55% - 45% - 6:35
PK3 Forward
1 - 0% - 55%
2 - 0% - 45%
PK3 Defense
1 - 0% - 55%
2 - 0% - 45%
44 Forward
1 - 0% - 50%
2 - 0% - 50%
44 Defense
1 - 0% - 55%
2 - 0% - 45%
Last Minute Offensive  - 0:00
Last Minute Defensive  - 0:00
Total
Forward - 60:00
Defense - 60:00

Play-by-Play

1st period


0:01 of 1st period - Connor McDavid wins face-off versus Evgeni Malkin in neutral zone.
0:06 of 1st period - Evgeni Malkin is hit by Nathan MacKinnon and loses puck.
0:22 of 1st period - Minor Penalty to MacKenzie Weegar for Interference.
0:23 of 1st period - Joshua Norris wins face-off versus Blake Lizotte in UTAH ICE BEARS zone.
0:30 of 1st period - Shot by Chris Kreider.
0:30 of 1st period - Stopped by Thatcher Demko with a rebound.
0:32 of 1st period - Shot by Ben Chiarot.
0:32 of 1st period - Goal by Ben Chiarot - UTAH ICE BEARS : 0 - ANCHORAGE ACES : 1.
0:33 of 1st period - Joshua Norris wins face-off versus Matthew Beniers in neutral zone.
0:42 of 1st period - Shot by Joshua Norris.
0:42 of 1st period - Shot Blocked by Artem Zub.
0:44 of 1st period - Shot by Jonathan Audy-Marchessault.
0:44 of 1st period - Stopped by Thatcher Demko with a rebound.
0:46 of 1st period - Shot by Chris Kreider.
0:46 of 1st period - Stopped by Thatcher Demko with a rebound.
1:04 of 1st period - Shot by Jonathan Audy-Marchessault.
1:04 of 1st period - Stopped by Thatcher Demko without a rebound.
1:05 of 1st period - Phillip Danault wins face-off versus Ross Colton in UTAH ICE BEARS zone.
1:13 of 1st period - Icing by Mark Pysyk.
1:14 of 1st period - Ross Colton wins face-off versus Erik Haula in UTAH ICE BEARS zone.
1:18 of 1st period - Off-side.
1:19 of 1st period - Casey Cizikas wins face-off versus Blake Lizotte in neutral zone.
1:51 of 1st period - Shot by Blake Lizotte.
1:51 of 1st period - Deflect By Evgeni Malkin.
1:51 of 1st period - Shot Blocked by Jordie Benn.
1:53 of 1st period - Shot by MacKenzie Weegar.
1:53 of 1st period - Stopped by Darcy Kuemper with a rebound.
2:05 of 1st period - Icing by Jordie Benn.
2:06 of 1st period - Ross Colton wins face-off versus Casey Cizikas in ANCHORAGE ACES zone.
2:11 of 1st period - Shot by Nicholas Paul.
2:11 of 1st period - Stopped by Darcy Kuemper without a rebound.
2:12 of 1st period - Connor McDavid wins face-off versus Ross Colton in ANCHORAGE ACES zone.
2:14 of 1st period - Minor Penalty to Nathan MacKinnon for Unsportsmanlike conduct.
2:15 of 1st period - Matthew Beniers wins face-off versus Phillip Danault in ANCHORAGE ACES zone.
2:16 of 1st period - Shot by Lucas Raymond.
2:16 of 1st period - Shot Misses the Net.
2:18 of 1st period - Shot by Artem Zub.
2:18 of 1st period - Stopped by Darcy Kuemper without a rebound.
2:19 of 1st period - Evgeni Malkin wins face-off versus Erik Haula in ANCHORAGE ACES zone.
2:30 of 1st period - Shot by Andrew Mangiapane.
2:30 of 1st period - Shot Misses the Net.
2:32 of 1st period - Shot by Evgeni Malkin.
2:32 of 1st period - Stopped by Darcy Kuemper without a rebound.
2:33 of 1st period - Phillip Danault wins face-off versus Matthew Beniers in ANCHORAGE ACES zone.
2:42 of 1st period - Phillip Danault is hit by Matthew Beniers and loses puck.
3:07 of 1st period - Shot by Matthew Beniers.
3:07 of 1st period - Shot Misses the Net.
3:59 of 1st period - Icing by Matthew Beniers.
4:00 of 1st period - Erik Haula wins face-off versus Matthew Beniers in UTAH ICE BEARS zone.
4:03 of 1st period - Shot by Nikolaj Ehlers.
4:03 of 1st period - Stopped by Thatcher Demko without a rebound.
4:04 of 1st period - Evgeni Malkin wins face-off versus Erik Haula in UTAH ICE BEARS zone.
4:36 of 1st period - Nicholas Paul is hit by Robert Bortuzzo and loses puck.
4:45 of 1st period - Shot by Ross Colton.
4:45 of 1st period - Stopped by Darcy Kuemper without a rebound.
4:46 of 1st period - Connor McDavid wins face-off versus Evgeni Malkin in ANCHORAGE ACES zone.
5:13 of 1st period - Nikolaj Ehlers is hit by T.J. Brodie and loses puck.
5:16 of 1st period - Shot by Nikolaj Ehlers.
5:16 of 1st period - Deflect By Nathan MacKinnon.
5:16 of 1st period - Shot Misses the Net.
5:35 of 1st period - Shot by Connor McDavid.
5:35 of 1st period - Shot Misses the Net.
5:51 of 1st period - Shot by Phillip Danault.
5:51 of 1st period - Stopped by Thatcher Demko without a rebound.
5:52 of 1st period - Joshua Norris wins face-off versus Matthew Beniers in UTAH ICE BEARS zone.
6:00 of 1st period - Icing by Alexander Barabanov.
6:01 of 1st period - Phillip Danault wins face-off versus Matthew Beniers in UTAH ICE BEARS zone.
7:16 of 1st period - Icing by Lucas Raymond.
7:17 of 1st period - Jonathan Audy-Marchessault wins face-off versus Matthew Beniers in UTAH ICE BEARS zone.
7:24 of 1st period - Shot by Jonathan Audy-Marchessault.
7:24 of 1st period - Stopped by Thatcher Demko without a rebound.
7:25 of 1st period - Evgeni Malkin wins face-off versus Nikolaj Ehlers in UTAH ICE BEARS zone.
7:29 of 1st period - Icing by Andrew Mangiapane.
7:30 of 1st period - Connor McDavid wins face-off versus Evgeni Malkin in UTAH ICE BEARS zone.
7:43 of 1st period - Shot by Nikolaj Ehlers.
7:43 of 1st period - Shot Misses the Net.
8:15 of 1st period - Shot by Kyle Okposo.
8:15 of 1st period - Stopped by Darcy Kuemper without a rebound.
8:16 of 1st period - Joshua Norris wins face-off versus Ross Colton in ANCHORAGE ACES zone.
8:30 of 1st period - Minor Penalty to Jonathan Audy-Marchessault for Hooking.
8:31 of 1st period - Matthew Beniers wins face-off versus Phillip Danault in ANCHORAGE ACES zone.
9:33 of 1st period - Shot by Andrew Mangiapane.
9:33 of 1st period - Shot Misses the Net.
9:51 of 1st period - Shot by MacKenzie Weegar.
9:51 of 1st period - Stopped by Darcy Kuemper with a rebound.
9:53 of 1st period - Shot by Andrew Mangiapane.
9:53 of 1st period - Shot Misses the Net.
9:55 of 1st period - Shot by Andrew Mangiapane.
9:55 of 1st period - Stopped by Darcy Kuemper without a rebound.
9:56 of 1st period - Phillip Danault wins face-off versus Evgeni Malkin in ANCHORAGE ACES zone.
10:43 of 1st period - Shot by Chris Kreider.
10:43 of 1st period - Stopped by Thatcher Demko without a rebound.
10:44 of 1st period - Joshua Norris wins face-off versus Matthew Beniers in UTAH ICE BEARS zone.
10:51 of 1st period - Shot by Joshua Norris.
10:51 of 1st period - Deflect By Chris Kreider.
10:51 of 1st period - Shot Misses the Net.
11:30 of 1st period - Shot by Jonathan Audy-Marchessault.
11:30 of 1st period - Shot Misses the Net.
11:32 of 1st period - Shot by Chris Kreider.
11:32 of 1st period - Shot Blocked by Artem Zub.
11:56 of 1st period - Shot by Rudolfs Balcers.
11:56 of 1st period - Stopped by Darcy Kuemper without a rebound.
11:57 of 1st period - Phillip Danault wins face-off versus Kyle Okposo in ANCHORAGE ACES zone.
12:04 of 1st period - Shot by Conor Sheary.
12:04 of 1st period - Shot Blocked by T.J. Brodie.
12:21 of 1st period - Shot by Erik Haula.
12:21 of 1st period - Shot Misses the Net.
12:23 of 1st period - Shot by Conor Sheary.
12:23 of 1st period - Shot Blocked by MacKenzie Weegar.
12:25 of 1st period - Shot by Conor Sheary.
12:25 of 1st period - Deflect By Phillip Danault.
12:25 of 1st period - Shot Blocked by T.J. Brodie.
12:27 of 1st period - Shot by Phillip Danault.
12:27 of 1st period - Stopped by Thatcher Demko without a rebound.
12:28 of 1st period - Connor McDavid wins face-off versus Ross Colton in UTAH ICE BEARS zone.
12:29 of 1st period - Shot by Nikolaj Ehlers.
12:29 of 1st period - Shot Misses the Net.
12:52 of 1st period - Shot by Ross Colton.
12:52 of 1st period - Stopped by Darcy Kuemper without a rebound.
12:53 of 1st period - Joshua Norris wins face-off versus Matthew Beniers in ANCHORAGE ACES zone.
14:14 of 1st period - Shot by Nathan MacKinnon.
14:14 of 1st period - Shot Blocked by Tucker Poolman.
14:16 of 1st period - Shot by Jakob Chychrun.
14:16 of 1st period - Shot Misses the Net.
14:28 of 1st period - Shot by Nathan MacKinnon.
14:28 of 1st period - Stopped by Thatcher Demko with a rebound.
14:30 of 1st period - Shot by Nathan MacKinnon.
14:30 of 1st period - Deflect By Nikolaj Ehlers.
14:30 of 1st period - Stopped by Thatcher Demko without a rebound.
14:31 of 1st period - Ross Colton wins face-off versus Phillip Danault in UTAH ICE BEARS zone.
14:49 of 1st period - Icing by Andrew Peeke.
14:50 of 1st period - Joshua Norris wins face-off versus Ross Colton in UTAH ICE BEARS zone.
14:55 of 1st period - Shot by Seth Jones.
14:55 of 1st period - Stopped by Thatcher Demko with a rebound.
14:57 of 1st period - Shot by Jonathan Audy-Marchessault.
14:57 of 1st period - Stopped by Thatcher Demko without a rebound.
14:58 of 1st period - Evgeni Malkin wins face-off versus Connor McDavid in UTAH ICE BEARS zone.
15:10 of 1st period - Nathan MacKinnon is hit by Tucker Poolman and loses puck.
15:22 of 1st period - Nathan MacKinnon is hit by Tucker Poolman and loses puck.
15:34 of 1st period - Icing by Evgeni Malkin.
15:35 of 1st period - Phillip Danault wins face-off versus Evgeni Malkin in UTAH ICE BEARS zone.
15:48 of 1st period - Conor Sheary is hit by Andrew Mangiapane.
16:00 of 1st period - Shot by Conor Sheary.
16:00 of 1st period - Stopped by Thatcher Demko without a rebound.
16:01 of 1st period - Joshua Norris wins face-off versus Rudolfs Balcers in UTAH ICE BEARS zone.
16:09 of 1st period - Minor Penalty to Jordie Benn for Holding.
16:10 of 1st period - Phillip Danault wins face-off versus Matthew Beniers in ANCHORAGE ACES zone.
17:09 of 1st period - Shot by Evgeni Malkin.
17:09 of 1st period - Stopped by Darcy Kuemper without a rebound.
17:10 of 1st period - Evgeni Malkin wins face-off versus Erik Haula in ANCHORAGE ACES zone.
18:11 of 1st period - Icing by Jakob Chychrun.
18:12 of 1st period - Ross Colton wins face-off versus Joshua Norris in ANCHORAGE ACES zone.
18:35 of 1st period - Minor Penalty to Ross Colton for Cross-checking.
18:36 of 1st period - Blake Lizotte wins face-off versus Connor McDavid in UTAH ICE BEARS zone.
18:43 of 1st period - Shot by MacKenzie Weegar.
18:43 of 1st period - Stopped by Darcy Kuemper with a rebound.
19:19 of 1st period - Icing by Jonathan Audy-Marchessault.
19:20 of 1st period - Connor McDavid wins face-off versus Blake Lizotte in ANCHORAGE ACES zone.
19:27 of 1st period - Shot by Nathan MacKinnon.
19:27 of 1st period - Shot Misses the Net.
19:29 of 1st period - Shot by Seth Jones.
19:29 of 1st period - Shot Misses the Net.
19:31 of 1st period - Shot by Connor McDavid.
19:31 of 1st period - Stopped by Thatcher Demko without a rebound.
19:32 of 1st period - Joshua Norris wins face-off versus Blake Lizotte in UTAH ICE BEARS zone.
19:33 of 1st period - Shot by Chris Kreider.
19:33 of 1st period - Shot Blocked by T.J. Brodie.
19:35 of 1st period - Shot by Ryan Pulock.
19:35 of 1st period - Stopped by Thatcher Demko without a rebound.
19:36 of 1st period - Blake Lizotte wins face-off versus Joshua Norris in UTAH ICE BEARS zone.
Goals for this period are 0 for UTAH ICE BEARS vs 1 for ANCHORAGE ACES.
Shots for this period are 12 for UTAH ICE BEARS vs 17 for ANCHORAGE ACES.

2nd period


0:01 of 2nd period - Blake Lizotte wins face-off versus Connor McDavid in neutral zone.
0:29 of 2nd period - Connor McDavid is hit by MacKenzie Weegar and loses puck.
1:21 of 2nd period - Lucas Raymond is hit by Jakob Chychrun and loses puck.
1:29 of 2nd period - Icing by Conor Sheary.
1:30 of 2nd period - Evgeni Malkin wins face-off versus Phillip Danault in ANCHORAGE ACES zone.
1:33 of 2nd period - Shot by Kyle Okposo.
1:33 of 2nd period - Stopped by Darcy Kuemper without a rebound.
1:34 of 2nd period - Connor McDavid wins face-off versus Evgeni Malkin in ANCHORAGE ACES zone.
1:45 of 2nd period - Shot by Nathan MacKinnon.
1:45 of 2nd period - Shot Blocked by MacKenzie Weegar.
1:53 of 2nd period - Shot by Kyle Okposo.
1:53 of 2nd period - Deflect By Evgeni Malkin.
1:53 of 2nd period - Stopped by Darcy Kuemper without a rebound.
1:54 of 2nd period - Ross Colton wins face-off versus Joshua Norris in ANCHORAGE ACES zone.
2:10 of 2nd period - Shot by Chris Kreider.
2:10 of 2nd period - Stopped by Thatcher Demko without a rebound.
2:11 of 2nd period - Connor McDavid wins face-off versus Evgeni Malkin in UTAH ICE BEARS zone.
2:30 of 2nd period - Shot by Nathan MacKinnon.
2:30 of 2nd period - Stopped by Thatcher Demko with a rebound.
2:32 of 2nd period - Shot by Ben Chiarot.
2:32 of 2nd period - Shot Misses the Net.
2:48 of 2nd period - Shot by Connor McDavid.
2:48 of 2nd period - Stopped by Thatcher Demko without a rebound.
2:49 of 2nd period - Joshua Norris wins face-off versus Matthew Beniers in UTAH ICE BEARS zone.
2:50 of 2nd period - Shot by Jonathan Audy-Marchessault.
2:50 of 2nd period - Shot Blocked by Artem Zub.
3:06 of 2nd period - Alexander Barabanov is hit by Jonathan Audy-Marchessault and loses puck.
3:18 of 2nd period - Off-side.
3:19 of 2nd period - Ross Colton wins face-off versus Connor McDavid in neutral zone.
3:32 of 2nd period - Nathan MacKinnon is hit by MacKenzie Weegar and loses puck.
4:26 of 2nd period - Shot by Evgeni Malkin.
4:26 of 2nd period - Stopped by Darcy Kuemper without a rebound.
4:27 of 2nd period - Joshua Norris wins face-off versus Matthew Beniers in ANCHORAGE ACES zone.
4:33 of 2nd period - Icing by Joshua Norris.
4:34 of 2nd period - Evgeni Malkin wins face-off versus Joshua Norris in ANCHORAGE ACES zone.
4:36 of 2nd period - Minor Penalty to Jordie Benn for Boarding.
4:37 of 2nd period - Phillip Danault wins face-off versus Evgeni Malkin in ANCHORAGE ACES zone.
5:04 of 2nd period - Shot by Evgeni Malkin.
5:04 of 2nd period - Shot Blocked by Jakob Chychrun.
5:06 of 2nd period - Shot by MacKenzie Weegar.
5:06 of 2nd period - Stopped by Darcy Kuemper without a rebound.
5:07 of 2nd period - Nikolaj Ehlers wins face-off versus Matthew Beniers in ANCHORAGE ACES zone.
5:13 of 2nd period - Icing by Artem Zub.
5:14 of 2nd period - Phillip Danault wins face-off versus Matthew Beniers in UTAH ICE BEARS zone.
5:14 of 2nd period - Seth Jones is hit by Andrew Peeke and loses puck.
7:31 of 2nd period - Shot by Evgeni Malkin.
7:31 of 2nd period - Shot Blocked by Jonathan Audy-Marchessault.
7:37 of 2nd period - Shot by Andrew Mangiapane.
7:37 of 2nd period - Stopped by Darcy Kuemper with a rebound.
7:39 of 2nd period - Shot by MacKenzie Weegar.
7:39 of 2nd period - Stopped by Darcy Kuemper without a rebound.
7:40 of 2nd period - Blake Lizotte wins face-off versus Connor McDavid in ANCHORAGE ACES zone.
8:21 of 2nd period - Icing by Evgeni Malkin.
8:22 of 2nd period - Phillip Danault wins face-off versus Blake Lizotte in UTAH ICE BEARS zone.
8:22 of 2nd period - Conor Sheary is hit by T.J. Brodie and loses puck.
8:38 of 2nd period - Zachary Sanford is hit by Erik Haula and loses puck.
9:06 of 2nd period - Phillip Danault is hit by Artem Zub and loses puck.
9:23 of 2nd period - Jonathan Audy-Marchessault is hit by Andrew Peeke and loses puck.
9:36 of 2nd period - Shot by Matthew Beniers.
9:36 of 2nd period - Stopped by Darcy Kuemper without a rebound.
9:37 of 2nd period - Ross Colton wins face-off versus Connor McDavid in ANCHORAGE ACES zone.
9:37 of 2nd period - Ross Colton is hit by Robert Bortuzzo.
9:51 of 2nd period - Shot by Ross Colton.
9:51 of 2nd period - Shot Misses the Net.
10:13 of 2nd period - Shot by Connor McDavid.
10:13 of 2nd period - Stopped by Thatcher Demko without a rebound.
10:14 of 2nd period - Joshua Norris wins face-off versus Matthew Beniers in UTAH ICE BEARS zone.
10:17 of 2nd period - Shot by Jonathan Audy-Marchessault.
10:17 of 2nd period - Shot Blocked by Artem Zub.
10:19 of 2nd period - Shot by Seth Jones.
10:19 of 2nd period - Shot Misses the Net.
10:21 of 2nd period - Shot by Chris Kreider.
10:21 of 2nd period - Stopped by Thatcher Demko without a rebound.
10:22 of 2nd period - Joshua Norris wins face-off versus Evgeni Malkin in UTAH ICE BEARS zone.
10:23 of 2nd period - Shot by Chris Kreider.
10:23 of 2nd period - Deflect By Jonathan Audy-Marchessault.
10:23 of 2nd period - Shot Blocked by Artem Zub.
11:15 of 2nd period - Off-side.
11:16 of 2nd period - Connor McDavid wins face-off versus Matthew Beniers in neutral zone.
11:27 of 2nd period - MacKenzie Weegar is hit by Nikolaj Ehlers and loses puck.
12:11 of 2nd period - Icing by Jakob Chychrun.
12:12 of 2nd period - Ross Colton wins face-off versus Connor McDavid in ANCHORAGE ACES zone.
12:15 of 2nd period - Shot by Rudolfs Balcers.
12:15 of 2nd period - Stopped by Darcy Kuemper without a rebound.
12:16 of 2nd period - Phillip Danault wins face-off versus Evgeni Malkin in ANCHORAGE ACES zone.
12:32 of 2nd period - Conor Sheary is hit by Andrew Peeke and loses puck.
12:44 of 2nd period - Conor Sheary is hit by Artem Zub and loses puck.
12:50 of 2nd period - Icing by Artem Zub.
12:51 of 2nd period - Andrew Ladd wins face-off versus Andrew Mangiapane in UTAH ICE BEARS zone.
12:54 of 2nd period - Shot by Casey Cizikas.
12:54 of 2nd period - Stopped by Thatcher Demko without a rebound.
12:55 of 2nd period - Connor McDavid wins face-off versus Matthew Beniers in UTAH ICE BEARS zone.
13:11 of 2nd period - Icing by T.J. Brodie.
13:12 of 2nd period - Matthew Beniers wins face-off versus Joshua Norris in UTAH ICE BEARS zone.
13:28 of 2nd period - Icing by Alexander Barabanov.
13:29 of 2nd period - Matthew Beniers wins face-off versus Connor McDavid in UTAH ICE BEARS zone.
13:29 of 2nd period - Matthew Beniers is hit by Connor McDavid.
14:26 of 2nd period - MacKenzie Weegar is hit by Ben Chiarot and loses puck.
14:36 of 2nd period - Phillip Danault is hit by Andrew Peeke.
14:38 of 2nd period - Shot by Conor Sheary.
14:38 of 2nd period - Stopped by Thatcher Demko without a rebound.
14:39 of 2nd period - Joshua Norris wins face-off versus Evgeni Malkin in UTAH ICE BEARS zone.
14:50 of 2nd period - Off-side.
14:51 of 2nd period - Phillip Danault wins face-off versus Ross Colton in neutral zone.
15:28 of 2nd period - Ben Chiarot is hit by Rudolfs Balcers and loses puck.
15:35 of 2nd period - Shot by Seth Jones.
15:35 of 2nd period - Shot Misses the Net.
16:00 of 2nd period - Icing by Mark Pysyk.
16:01 of 2nd period - Joshua Norris wins face-off versus Ross Colton in UTAH ICE BEARS zone.
16:04 of 2nd period - Shot by Jonathan Audy-Marchessault.
16:04 of 2nd period - Deflect By Chris Kreider.
16:04 of 2nd period - Stopped by Thatcher Demko with a rebound.
16:42 of 2nd period - Jonathan Audy-Marchessault is hit by Andrew Peeke and loses puck.
17:14 of 2nd period - Shot by Kyle Okposo.
17:14 of 2nd period - Shot Misses the Net.
17:16 of 2nd period - Shot by Andrew Mangiapane.
17:16 of 2nd period - Stopped by Darcy Kuemper without a rebound.
17:17 of 2nd period - Matthew Beniers wins face-off versus Connor McDavid in ANCHORAGE ACES zone.
17:17 of 2nd period - Alexander Barabanov is hit by Ben Chiarot and loses puck.
17:24 of 2nd period - Shot by Nikolaj Ehlers.
17:24 of 2nd period - Stopped by Thatcher Demko without a rebound.
17:25 of 2nd period - Matthew Beniers wins face-off versus Connor McDavid in UTAH ICE BEARS zone.
17:55 of 2nd period - Shot by Connor McDavid.
17:55 of 2nd period - Shot Misses the Net.
17:57 of 2nd period - Shot by Connor McDavid.
17:57 of 2nd period - Shot Misses the Net.
18:32 of 2nd period - Icing by Andrew Peeke.
18:33 of 2nd period - Casey Cizikas wins face-off versus Evgeni Malkin in UTAH ICE BEARS zone.
19:00 of 2nd period - Icing by Artem Zub.
19:01 of 2nd period - Phillip Danault wins face-off versus Evgeni Malkin in UTAH ICE BEARS zone.
19:55 of 2nd period - Icing by Alexander Barabanov.
19:56 of 2nd period - Joshua Norris wins face-off versus Matthew Beniers in UTAH ICE BEARS zone.
19:57 of 2nd period - Shot by Jonathan Audy-Marchessault.
19:57 of 2nd period - Shot Blocked by MacKenzie Weegar.
19:59 of 2nd period - Shot by Jonathan Audy-Marchessault.
19:59 of 2nd period - Goal by Jonathan Audy-Marchessault - UTAH ICE BEARS : 0 - ANCHORAGE ACES : 2.
Goals for this period are 0 for UTAH ICE BEARS vs 1 for ANCHORAGE ACES.
Shots for this period are 9 for UTAH ICE BEARS vs 10 for ANCHORAGE ACES.

3rd period


0:01 of 3rd period - Connor McDavid wins face-off versus Evgeni Malkin in neutral zone.
0:08 of 3rd period - Shot by Nikolaj Ehlers.
0:08 of 3rd period - Stopped by Thatcher Demko without a rebound.
0:09 of 3rd period - Evgeni Malkin wins face-off versus Joshua Norris in UTAH ICE BEARS zone.
0:09 of 3rd period - Evgeni Malkin is hit by Chris Kreider.
0:31 of 3rd period - Shot by Andrew Mangiapane.
0:31 of 3rd period - Shot Blocked by Ben Chiarot.
0:33 of 3rd period - Shot by Evgeni Malkin.
0:33 of 3rd period - Stopped by Darcy Kuemper without a rebound.
0:34 of 3rd period - Connor McDavid wins face-off versus Matthew Beniers in ANCHORAGE ACES zone.
0:55 of 3rd period - Shot by Connor McDavid.
0:55 of 3rd period - Shot Misses the Net.
0:57 of 3rd period - Shot by Connor McDavid.
0:57 of 3rd period - Deflect By Nathan MacKinnon.
0:57 of 3rd period - Shot Misses the Net.
1:07 of 3rd period - Connor McDavid is hit by Alexander Barabanov and loses puck.
1:23 of 3rd period - Connor McDavid is hit by Andrew Peeke and loses puck.
1:48 of 3rd period - Shot by Chris Kreider.
1:48 of 3rd period - Shot Misses the Net.
2:00 of 3rd period - Shot by Chris Kreider.
2:00 of 3rd period - Stopped by Thatcher Demko without a rebound.
2:01 of 3rd period - Casey Cizikas wins face-off versus Ross Colton in UTAH ICE BEARS zone.
2:05 of 3rd period - Dominik Simon is hit by Mark Pysyk and loses puck.
3:09 of 3rd period - Shot by Kyle Okposo.
3:09 of 3rd period - Shot Blocked by Seth Jones.
3:33 of 3rd period - Shot by Andrew Mangiapane.
3:33 of 3rd period - Shot Misses the Net.
4:11 of 3rd period - Shot by Matthew Beniers.
4:11 of 3rd period - Stopped by Darcy Kuemper without a rebound.
4:12 of 3rd period - Blake Lizotte wins face-off versus Phillip Danault in ANCHORAGE ACES zone.
5:00 of 3rd period - Shot by Lucas Raymond.
5:00 of 3rd period - Stopped by Darcy Kuemper without a rebound.
5:01 of 3rd period - Connor McDavid wins face-off versus Ross Colton in ANCHORAGE ACES zone.
5:01 of 3rd period - Connor McDavid is hit by Nicholas Paul.
5:30 of 3rd period - Shot by Nicholas Paul.
5:30 of 3rd period - Stopped by Darcy Kuemper without a rebound.
5:31 of 3rd period - Joshua Norris wins face-off versus Matthew Beniers in ANCHORAGE ACES zone.
5:54 of 3rd period - Shot by Alexander Barabanov.
5:54 of 3rd period - Shot Misses the Net.
6:02 of 3rd period - Shot by Chris Kreider.
6:02 of 3rd period - Stopped by Thatcher Demko with a rebound.
6:39 of 3rd period - Shot by Evgeni Malkin.
6:39 of 3rd period - Shot Misses the Net.
6:45 of 3rd period - Shot by Kyle Okposo.
6:45 of 3rd period - Shot Blocked by Ben Chiarot.
6:47 of 3rd period - Shot by Evgeni Malkin.
6:47 of 3rd period - Shot Blocked by Ben Chiarot.
6:49 of 3rd period - Shot by Andrew Mangiapane.
6:49 of 3rd period - Stopped by Darcy Kuemper without a rebound.
6:50 of 3rd period - Ross Colton wins face-off versus Connor McDavid in ANCHORAGE ACES zone.
6:51 of 3rd period - Shot by Nicholas Paul.
6:51 of 3rd period - Shot Misses the Net.
7:13 of 3rd period - Shot by Rudolfs Balcers.
7:13 of 3rd period - Shot Blocked by Robert Bortuzzo.
8:12 of 3rd period - Shot by Andrew Mangiapane.
8:12 of 3rd period - Shot Blocked by Jakob Chychrun.
8:17 of 3rd period - Icing by Ryan Pulock.
8:18 of 3rd period - Phillip Danault wins face-off versus Matthew Beniers in ANCHORAGE ACES zone.
8:18 of 3rd period - Phillip Danault is hit by Alexander Barabanov.
9:31 of 3rd period - Shot by Casey Cizikas.
9:31 of 3rd period - Stopped by Thatcher Demko with a rebound.
9:39 of 3rd period - Shot by Dominik Simon.
9:39 of 3rd period - Stopped by Thatcher Demko without a rebound.
9:40 of 3rd period - Connor McDavid wins face-off versus Ross Colton in UTAH ICE BEARS zone.
9:54 of 3rd period - Connor McDavid is hit by Andrew Peeke and loses puck.
10:18 of 3rd period - Off-side.
10:19 of 3rd period - Jonathan Audy-Marchessault wins face-off versus Evgeni Malkin in neutral zone.
10:24 of 3rd period - Shot by Chris Kreider.
10:24 of 3rd period - Deflect By Joshua Norris.
10:24 of 3rd period - Stopped by Thatcher Demko without a rebound.
10:25 of 3rd period - Joshua Norris wins face-off versus Evgeni Malkin in UTAH ICE BEARS zone.
10:25 of 3rd period - Jonathan Audy-Marchessault is hit by MacKenzie Weegar.
10:54 of 3rd period - Shot by Evgeni Malkin.
10:54 of 3rd period - Shot Misses the Net.
11:08 of 3rd period - Shot by Andrew Mangiapane.
11:08 of 3rd period - Shot Misses the Net.
11:10 of 3rd period - Shot by Evgeni Malkin.
11:10 of 3rd period - Stopped by Darcy Kuemper without a rebound.
11:11 of 3rd period - Matthew Beniers wins face-off versus Connor McDavid in ANCHORAGE ACES zone.
11:23 of 3rd period - Icing by Nikolaj Ehlers.
11:24 of 3rd period - Ross Colton wins face-off versus Connor McDavid in ANCHORAGE ACES zone.
11:29 of 3rd period - Shot by Rudolfs Balcers.
11:29 of 3rd period - Shot Blocked by Ryan Pulock.
11:29 of 3rd period - Ryan Pulock from ANCHORAGE ACES is injured at 11:29 of 3rd period (Strained Back).
11:30 of 3rd period - Connor McDavid wins face-off versus Matthew Beniers in ANCHORAGE ACES zone.
12:00 of 3rd period - Alexander Barabanov is hit by Robert Bortuzzo.
12:56 of 3rd period - Minor Penalty to MacKenzie Weegar for Hooking.
12:57 of 3rd period - Blake Lizotte wins face-off versus Joshua Norris in UTAH ICE BEARS zone.
13:11 of 3rd period - Shot by Chris Kreider.
13:11 of 3rd period - Stopped by Thatcher Demko without a rebound.
13:12 of 3rd period - Nicholas Paul wins face-off versus Connor McDavid in UTAH ICE BEARS zone.
13:45 of 3rd period - Off-side.
13:46 of 3rd period - Joshua Norris wins face-off versus Blake Lizotte in neutral zone.
14:56 of 3rd period - Shot by Jonathan Audy-Marchessault.
14:56 of 3rd period - Stopped by Thatcher Demko without a rebound.
14:57 of 3rd period - Casey Cizikas wins face-off versus Lucas Raymond in UTAH ICE BEARS zone.
15:02 of 3rd period - Shot by Andrew Ladd.
15:02 of 3rd period - Stopped by Thatcher Demko without a rebound.
15:03 of 3rd period - Connor McDavid wins face-off versus Matthew Beniers in UTAH ICE BEARS zone.
15:04 of 3rd period - Shot by Nathan MacKinnon.
15:04 of 3rd period - Deflect By Connor McDavid.
15:04 of 3rd period - Shot Blocked by MacKenzie Weegar.
15:06 of 3rd period - Shot by Nathan MacKinnon.
15:06 of 3rd period - Deflect By Connor McDavid.
15:06 of 3rd period - Stopped by Thatcher Demko without a rebound.
15:07 of 3rd period - Connor McDavid wins face-off versus Matthew Beniers in UTAH ICE BEARS zone.
15:11 of 3rd period - Minor Penalty to Nathan MacKinnon for Tripping.
15:12 of 3rd period - Phillip Danault wins face-off versus Matthew Beniers in ANCHORAGE ACES zone.
15:52 of 3rd period - Icing by Alexander Barabanov.
15:53 of 3rd period - Phillip Danault wins face-off versus Matthew Beniers in UTAH ICE BEARS zone.
16:55 of 3rd period - Shot by Andrew Mangiapane.
16:55 of 3rd period - Shot Misses the Net.
17:00 of 3rd period - Shot by Andrew Peeke.
17:00 of 3rd period - Stopped by Darcy Kuemper without a rebound.
17:01 of 3rd period - Erik Haula wins face-off versus Matthew Beniers in ANCHORAGE ACES zone.
17:21 of 3rd period - Shot by Nicholas Paul.
17:21 of 3rd period - Stopped by Darcy Kuemper with a rebound.
17:23 of 3rd period - Shot by Rudolfs Balcers.
17:23 of 3rd period - Stopped by Darcy Kuemper without a rebound.
17:24 of 3rd period - Blake Lizotte wins face-off versus Connor McDavid in ANCHORAGE ACES zone.
17:27 of 3rd period - Shot by Blake Lizotte.
17:27 of 3rd period - Shot Misses the Net.
17:30 of 3rd period - Evgeni Malkin is hit by Ben Chiarot and loses puck.
17:49 of 3rd period - Shot by Zachary Sanford.
17:49 of 3rd period - Goal by Zachary Sanford - UTAH ICE BEARS : 1 - ANCHORAGE ACES : 2.
17:50 of 3rd period - Phillip Danault wins face-off versus Matthew Beniers in neutral zone.
18:02 of 3rd period - Minor Penalty to Conor Sheary for Goalie Interference.
18:03 of 3rd period - Phillip Danault wins face-off versus Evgeni Malkin in ANCHORAGE ACES zone.
18:15 of 3rd period - Icing by MacKenzie Weegar.
18:16 of 3rd period - Evgeni Malkin wins face-off versus Phillip Danault in UTAH ICE BEARS zone.
18:43 of 3rd period - Shot by MacKenzie Weegar.
18:43 of 3rd period - Shot Blocked by Seth Jones.
18:45 of 3rd period - Shot by MacKenzie Weegar.
18:45 of 3rd period - Shot Misses the Net.
18:47 of 3rd period - Shot by MacKenzie Weegar.
18:47 of 3rd period - Shot Misses the Net.
19:09 of 3rd period - Off-side.
19:10 of 3rd period - Nikolaj Ehlers wins face-off versus Alexander Barabanov in neutral zone.
19:22 of 3rd period - Icing by Andrew Peeke.
19:23 of 3rd period - Erik Haula wins face-off versus Matthew Beniers in UTAH ICE BEARS zone.
19:38 of 3rd period - UTAH ICE BEARS, Thatcher Demko is pulled from the net.
19:55 of 3rd period - Off-side.
19:56 of 3rd period - Phillip Danault wins face-off versus Andrew Mangiapane in neutral zone.
Goals for this period are 1 for UTAH ICE BEARS vs 0 for ANCHORAGE ACES.
Shots for this period are 10 for UTAH ICE BEARS vs 10 for ANCHORAGE ACES.


JOHNNY
GAUDREAU
MATTHEW
BOLDY
OWEN
TIPPETT

EAST COAST

HOCKEY LEAGUE

  • 29.PIT6MAN7
  • 30.ATL6NHW2
  • 31.WOR4PET3
  • 32.3RHI4
  • 33.CHIQUE
  • 34.LIMCHA
  • 35.LONTRV
  • 36.BALCHW